cohdb
Replays
Latest Replays
All Replays
Popular Replays
Top Player Replays
Match Explorer
How It Works
Community
CoH3 Stats
Reddit
Sign in to upload your games and track your stats! →
Sign in with Steam
Match 42801868
Unlisted
Match 42801868
Overview
Messages
Build Orders
End
Kettenkrad Recon Vehicle
Construct Infanterie Kompanie
Selects Mechanized Battlegroup
Grenadier Squad
Grenadier Squad
Grenadier Squad
Construct Panzergrenadier Kompanie
251 Medium Carrier
Selects Mobile Repair Stations
Grenadier Squad
251 Medium Carrier
MG 42 Machine Gun Team
GrW 34 Mortar Team
Panzergrenadier Squad
Selects Wespe Self-propelled Artillery
Construct Panzer Kompanie
Selects Raid Package
Panzer IV Medium Tank
Selects StuG Assault Group
MG 42 Machine Gun Team
Selects UNKNOWN (2160084)
Panther Heavy Tank
Wespe Self-propelled Artillery
Pioneer Squad
Kettenkrad Recon Vehicle
Selects Zeroing Artillery Barrage
251 Medium Carrier
Howdenn
Beck
limbo
Noch
kerem
ShadowStorm
NoX
二百五战术
0
0
Comments
sign in to comment!
No comments posted yet!